 Dungeon Crawl Stone Soup version 0.28.0-1-gb440e238dd (webtiles) character file.

Game seed: 18137307759573613253

1 Woods the Caller (level 1, -1/7 HPs)
             Began as a Felid Summoner on Feb 25, 2022.
             Frozen to death by an endoplasm (3 damage)
             ... on level 1 of the Dungeon.
             The game lasted 00:00:12 (108 turns).

Woods the Caller (Felid Summoner)                    Turns: 108, Time: 00:00:12

Health: -1/7       AC:  1    Str:  4    XL:     1   Next: 16%
Magic:  1/4        EV: 17    Int: 16    God:
Gold:   8          SH:  0    Dex: 16    Spells: 3/4 levels left
                                        Lives:  0   Deaths: 0

rFire   . . .      SeeInvis +   (weapon unavailable)
rCold   . . .      Faith    .   (shield unavailable)
rNeg    . . .      Spirit   .   (armour unavailable)
rPois   .          Reflect  .   (helmet unavailable)
rElec   .          Harm     .   (cloak unavailable)
rCorr   .          Rampage  .   (gloves unavailable)
Will    .....                   (boots unavailable)
Stlth   ++........              (no amulet)
HPRegen 0.02/turn               (no ring)
MPRegen 0.09/turn               (no ring)

@: quick
A: very small, claws 1, fangs 3, see invisible, speed 1, shaggy fur 1, stealthy
paws, no weapons or thrown items, no armour, multi-lived
a: no special abilities


You were on level 1 of the Dungeon.
You visited 1 branch of the dungeon, and saw 1 of its levels.

You collected 8 gold pieces.

Inventory:

Scrolls
 a - a scroll of enchant weapon {unknown}


   Skills:
 + Level 2.7 Dodging
 + Level 2.7 Stealth
 + Level 2.0 Spellcasting
 + Level 4.0 Summonings


You had 3 spell levels left.
You knew the following spells:

 Your Spells              Type           Power      Damage    Failure   Level
a - Summon Small Mammal   Summ           56%        N/A       4%          1

Your spell library contained the following spells:

 Spells                   Type           Power      Damage    Failure   Level
 Call Imp                 Summ           14%        N/A       6%          2
 Call Canine Familiar     Summ           14%        N/A       12%         3
 Summon Guardian Golem    Hex/Summ       8%         N/A       26%         3
 Summon Lightning Spire   Summ/Air       8%         N/A       65%         4


Dungeon Overview and Level Annotations

Branches:
Dungeon (1/15)

Altars:


Innate Abilities, Weirdness & Mutations

You have sharp claws.
You have razor-sharp teeth.
You have supernaturally acute eyesight. (SInv)
You cover ground quickly. (Speed+)
You are covered in fur. (AC +1)
Your paws help you pounce on unaware monsters.
You are incapable of wielding weapons or throwing items.
You cannot wear armour.
You gain extra lives every three experience levels.


Message History

a +0 dagger; a goblin corpse The black bear growls angrily.
The lindwurm roars!
Found 11 stones.
a - a scroll labelled UTWIDOA DYFI You now have 8 gold pieces.
Found 23 sling bullets.
An endoplasm comes into view.
An endoplasm is nearby!
An endoplasm is nearby!
Casting: Summon Small Mammal (safe; 4% risk of failure)
Confirm with . or Enter, or press ? or * to list all spells.
Casting: Summon Small Mammal (safe; 4% risk of failure)
Confirm with . or Enter, or press ? or * to list all spells.
The endoplasm quivers.
An endoplasm comes into view.
Your rat bites the endoplasm but does no damage.
The endoplasm hits your rat.
Your rat dies!
Your rat's corpse disappears in a puff of smoke!
The endoplasm hits you.
You scratch the endoplasm.
The endoplasm is heavily wounded.
The endoplasm quivers.
Your rat bites the endoplasm.
The endoplasm hits your rat.
Your rat dies!
Your rat's corpse disappears in a puff of smoke!
The endoplasm quivers.
You scratch the endoplasm but do no damage.
Your bite misses the endoplasm.
The endoplasm is almost dead.
The endoplasm freezes you.
You are frozen.
* * * LOW HITPOINT WARNING * * *
Casting: Summon Small Mammal (safe; 4% risk of failure)
Confirm with . or Enter, or press ? or * to list all spells.
Casting: Summon Small Mammal (safe; 4% risk of failure)
Confirm with . or Enter, or press ? or * to list all spells.
The endoplasm freezes you.
You are frozen.
You die...

+........#
#........#
+........#
#.......(##
.....###....#
##########J.#
#...........#
#.....J...#
#....@.#########
#.#####.## #.....#
......r.r###.8.8.##
#.#####..##.......#
#..##8......###
#..##..###..#<#
#..#...#k#..#.#
#..#8..#s#..#.#
#......#D#..#.#


You could see 2 endoplasms and 2 friendly rats.

Vanquished Creatures (collateral kills)
  A goblin (D:1)
1 creature vanquished.

Notes
Turn   | Place    | Note
-------+----------+-------------------------------------------
     0 | D:1      | Woods the Felid Summoner began the quest for the Orb.
     0 | D:1      | Reached XP level 1. HP: 7/7 MP: 4/4
    54 | D:1      | Noticed a six-headed hydra
    54 | D:1      | Noticed a black bear
    54 | D:1      | Noticed a salamander
    55 | D:1      | Noticed a lindwurm
    55 | D:1      | Noticed a scorpion
   108 | D:1      | Frozen to death by an endoplasm

Illustrated notes

Levels and vault maps discovered:
D:1:      onia_arrival_zoo_common, layout_basic,
          dreamdust_ecumenical_altar_hidden_monk_grotto, grunt_decor_fettered

Action                   || total
-------------------------++-------
Melee: Unarmed           ||     2
 Cast: Summon Small Mamm ||     6
Armor: Skin              ||     1
